 Dungeon Crawl Stone Soup version 0.25.1-8-g42b30a86e7 (webtiles) character file.

Game seed: 14414230158838002421

180 Clowwww the Skirmisher (level 5, -5/47 HPs)
             Began as a Hill Orc Fighter on Nov 30, 2020.
             Killed from afar by an orc wizard (6 damage)
             ... with a puff of flame
             ... on level 3 of the Dungeon.
             The game lasted 00:06:41 (3206 turns).

Clowwww the Skirmisher (Hill Orc Fighter)           Turns: 3206, Time: 00:06:42

Health: -5/47      AC:  8    Str: 20    XL:     5   Next: 60%
Magic:  5/5        EV:  8    Int:  8    God:
Gold:   149        SH:  0    Dex: 10    Spells: 4/4 levels left

rFire    . . .     SeeInvis .   a - +0 war axe
rCold    . . .     Gourm    .   c - +0 kite shield
rNeg     . . .     Faith    .   b - +0 scale mail
rPois    .         Spirit   .   (no helmet)
rElec    .         Reflect  .   (no cloak)
rCorr    .         Harm     .   (no gloves)
MR       .....                  i - +0 pair of boots {run}
Stlth    ..........             (no amulet)
HPRegen  0.15/turn              (no ring)
MPRegen  0.09/turn              (no ring)

@: confused, quick
A: no striking features
a: no special abilities


You were on level 3 of the Dungeon.
You were very hungry.

You visited 1 branch of the dungeon, and saw 3 of its levels.
You also visited: Sewer.

You collected 149 gold pieces.

Inventory:

Hand Weapons
 a - a +0 war axe (weapon)
Armour
 b - a +0 scale mail (worn)
 c - a +0 kite shield (worn)
 i - a +0 pair of boots of running (worn)
Jewellery
 p - an uncursed amulet of faith {unknown}
Scrolls
 e - 2 scrolls of fog {unknown}
 g - a scroll of random uselessness
 h - a scroll of magic mapping
 j - 2 scrolls of teleportation {unknown}
 l - a scroll of blinking {unknown}
 o - a scroll of enchant armour {unknown}
 s - 2 scrolls of fear {unknown}
Potions
 d - 3 potions of might
 k - 2 potions of degeneration
 m - a potion of flight
 n - a potion of mutation {unknown}
 q - a potion of brilliance {unknown}
 r - a potion of magic {unknown}
Comestibles
 f - 2 rations


   Skills:
 + Level 4.7 Fighting
 + Level 4.4 Axes
 + Level 4.3 Armour
 + Level 1.2 Dodging
 + Level 3.9 Shields


You had 4 spell levels left.
You didn't know any spells.
Your spell library was empty.

Dungeon Overview and Level Annotations

Branches:
Dungeon (3/15)              Sewer (visited)

Altars:
Makhleb
Sif Muna


Message History

You block the orc wizard's attack.
The orc wizard hits you but does no damage.
You closely miss the orc wizard.
The orc wizard is moderately wounded.
You block the orc wizard's attack.
You slash the orc wizard!
The orc wizard is almost dead.
The orc wizard closely misses you.
You closely miss the orc wizard.
The orc wizard is almost dead.
The orc wizard casts a spell at you. The magic dart hits you.
* * * LOW HITPOINT WARNING * * *
You hit the orc wizard but do no damage.
The orc wizard is almost dead.
The orc wizard gestures at you while chanting.
You are confused.
The orc wizard casts a spell at you. The puff of flame hits you.
You die...

#..÷#.####.#*,**,,,*,,,,,
#...#.# *.#*,****,*,**,,
#...#.# *.#*,,.,,,,,,,,,
#...#.# *.#*,..**,*,*,,,
#...#.####.##...**,*,*,,,
#...............,,,,,,,,,
#...#...........,,,,,,,,,
####.)...$)).......,,,***,**
#.....<#.(o@...(...*,,* *,*
####..##(†###.###..*,,* *,**
#..*#..# *.#**,,*,,***,,,
#..*#..#**,.,,,,,,,,,,,,,
#..*#...,,,,.,,,,,,******
#..*#..##*,***,,,,,,,,,,,
#..*#.$# *,* *,,*,*,*****
******#..*#..#**,* *,,***,*
*,,,,,,,,,....,*,***,,***,*


You could see an orc wizard.

Vanquished Creatures
  An orc wizard (D:3)
  7 adders
  2 river rats (D:3)
  2 oozes (D:2)
  A dart slug (D:2)
  3 orcs (D:3)
  5 ball pythons
  A bat (D:2)
  2 giant cockroaches (D:2)
  3 hobgoblins
  4 jackals (Sewer)
  2 quokkas
  6 frilled lizards
  4 goblins
  15 kobolds
  6 rats
64 creatures vanquished.

Notes
Turn   | Place    | Note
-------+----------+-------------------------------------------
     0 | D:1      | Clowwww the Hill Orc Fighter began the quest for the Orb.
     0 | D:1      | Reached XP level 1. HP: 19/19 MP: 1/1
   114 | D:1      | Reached XP level 2. HP: 11/27 MP: 2/2
   314 | D:1      | Identified a +0 pair of boots of running (You found it on
                  | level 1 of the Dungeon)
   948 | D:2      | Reached skill level 1 in Dodging
   948 | D:2      | Reached XP level 3. HP: 15/33 MP: 3/3
  1345 | D:2      | Reached XP level 4. HP: 39/41 MP: 4/4
  1360 | D:2      | Found a burning altar of Makhleb.
  2007 | D:2      | Found a shimmering blue altar of Sif Muna.
  2321 | D:3      | Found a glowing drain.
  2328 | Sewer    | Entered a sewer
  2559 | Sewer    | Reached XP level 5. HP: 46/47 MP: 5/5
  3198 | D:3      | HP: 2/47 [orc wizard/+0 dagger (3)]
  3205 | D:3      | HP: 1/47 [orc wizard/magic dart (3)]
  3206 | D:3      | Killed from afar by an orc wizard

Illustrated notes

Levels and vault maps discovered:
D:1:      matt_arrival_spirals, layout_loops_ring
D:2:      layout_basic, lemuel_round_altar, lemuel_blue_sif_altar,
          serial_forest, infiniplex_forest_lined_ring,
          infiniplex_forest_clump_diagonal, infiniplex_forest_clump_small,
          infiniplex_forest_clump_cross, infiniplex_forest_end_2,
          infiniplex_forest_end_double, infiniplex_forest_lined_3_way,
          infiniplex_forest_clump_cross, chequers_jeans
D:3:      layout_basic, portal_sewer_entry_b

Skill      XL: |  1  2  3  4 |
---------------+-------------+-----
Fighting       | 4 |  4.7
Dodging        | 1 |  1.2
Axes           | 3 4 |  4.4
Armour         | 4 |  4.3
Shields        | |  3.9

Action                   |  1- 3 |  4- 6 || total
-------------------------+-------+-------++-------
Melee: War axe           |    68 |   149 ||   217
  Use: Scroll            |       |     4 ||     4
  Eat: Chunk             |       |     6 ||     6
Armor: Scale mail        |    42 |   115 ||   157
Dodge: Dodged            |    29 |    67 ||    96
Block: Kite shield       |    51 |    96 ||   147
